 Dungeon Crawl Stone Soup version 0.20.0 (webtiles) character file.

2150 BarneyGumball the Grappler (level 9, -8/80 HPs)
             Began as a Troll Monk on June 9, 2017.
             Was a Believer of the Shining One.
             Mangled by a white ugly thing (32 damage)
             ... on level 7 of the Dungeon.
             The game lasted 00:13:00 (5240 turns).

BarneyGumball the Grappler (Troll Monk)             Turns: 5240, Time: 00:13:00

Health: -8/80      AC:  5    Str: 21    XL:     9   Next: 10%
Magic:  6/9        EV: 11    Int:  6    God:    the Shining One [**....]
Gold:   346        SH:  6    Dex: 15    Spells: 6/8 levels left

rFire    . . .     SeeInvis .     - Unarmed
rCold    . . .     Gourm    +   (no shield)
rNeg     + . .     Faith    .   a - +0 robe
rPois    .         Spirit   .   (helmet restricted)
rElec    .         Reflect  .   (no cloak)
rCorr    .         Harm     .   (gloves unavailable)
MR       .....                  (boots unavailable)
Stlth    +.........             (no amulet)
Regen    0.7/turn               (no ring)
MPRegen  0.2/turn               (no ring)

@: divine shield, glowing
A: unfitting armour, claws 3, fast metabolism 3, gourmand, regeneration 1,
shaggy fur 1, tough skin 2
a: Divine Shield, Renounce Religion


You were on level 7 of the Dungeon.
You worshipped the Shining One.
The Shining One was pleased with you.
You were full.

You visited 1 branch of the dungeon, and saw 7 of its levels.

You collected 346 gold pieces.

Inventory:

Armour
 a - a +0 robe (worn)
 r - a +0 shield
Wands
 d - a wand of digging (7/24)
 l - a wand of paralysis (17/24)
Scrolls
 f - 3 scrolls of teleportation
 g - 4 scrolls of remove curse
 p - 2 scrolls of fear {unknown}
 u - 2 scrolls of enchant armour {unknown}
Potions
 e - 4 potions of brilliance
 h - 3 potions of ambrosia
 i - 3 potions of curing
 m - a potion of invisibility {unknown}
 n - 2 potions of lignification {unknown}
 o - 3 potions of heal wounds
 q - a potion of cancellation {unknown}
 v - 2 potions of resistance {unknown}
Books
 s - a book of Cantrips

   Spells                             Type                      Level
   a - Confusing Touch                Hexes                        1
   b - Animate Skeleton               Necromancy                   1
   c - Summon Small Mammal            Summoning                    1
   d - Apportation                    Translocation                1
Comestibles
 b - 8 bread rations
 c - 4 fruits
 j - 4 royal jellies


   Skills:
 - Level 2.4 Fighting
 - Level 2.4 Dodging
 - Level 1.0 Stealth
 * Level 4.0 Shields
 - Level 11.0 Unarmed Combat
 + Level 1.5 Invocations


You had 6 spell levels left.
You knew the following spells:

 Your Spells              Type           Power        Failure   Level  Hunger
a - Apportation           Tloc           #.....       45%         1    ##.....
b - Confusing Touch       Hex            #.....       45%         1    ##.....


Dungeon Overview and Level Annotations

Branches:
Dungeon (7/15)             Temple (0/1) D:7

Altars:
Hepliaklqana
Qazlal
Trog
The Shining One


Innate Abilities, Weirdness & Mutations

You are too large for most types of armour.
You have claws for hands.
Your metabolism is lightning-fast.
You like to eat raw meat.
Your natural rate of healing is unusually fast.
You are covered in fur. (AC +1)
You have very tough skin. (AC +2)


Message History

You mangle the white ugly thing!!
The white ugly thing is moderately wounded.
The white ugly thing barely misses you.
You scratch the white ugly thing but do no damage.
The white ugly thing is moderately wounded.
The white ugly thing closely misses you.
You mangle the white ugly thing!!
The white ugly thing is severely wounded.
The white ugly thing gores you! The white ugly thing freezes you!!
You claw the white ugly thing!
The white ugly thing is almost dead.
You closely miss the white ugly thing.
The white ugly thing is almost dead.
You block the white ugly thing's attack.
You claw the white ugly thing!
The white ugly thing is almost dead.
The white ugly thing gores you!
* * * LOW HITPOINT WARNING * * *
The white ugly thing freezes you!!
You die...

###............<.......#####.....
###....#....###..#####.##.......#
................................'
............##...####..#.....>..#
.##....#....##...#.....#........#
....................#..#........#
.###...#....##...#.##..#.########
.................u.##..#.# #
................@......#.# #
.......#....##...####..#.# #
.................####..#.# #
.....###...>....#......#.# #
.###.# #...####.#.###..#.########
.# #.###..#####<#.###..#.........
####................##.##########
............#####.#.##.###.......
....####.#### #[#.##...'.......


You could see a white ugly thing.

Vanquished Creatures
  Pikel (D:4)
  A spriggan (D:7)
  Duvessa (D:6)
  An ice beast (D:6)
  A black bear (D:4)
  A phantom (D:4)
  An ogre (D:7)
  A crocodile (D:6)
  A gnoll sergeant (D:6)
  2 bullfrogs
  Dowan (D:7)
  A scorpion (D:6)
  A wight (D:7)
  A howler monkey (D:6)
  A crimson imp (D:6)
  2 orc priests (D:3)
  A centaur zombie (D:7)
  4 hounds
  4 orc wizards
  A bullfrog skeleton (D:5)
  An iguana (D:3)
  A worker ant (D:6)
  4 gnolls
  11 adders
  An adder zombie (D:7)
  A worm (D:3)
  6 dart slugs
  8 leopard geckos
  21 orcs
  4 giant cockroaches
  6 goblins
  6 hobgoblins
  4 jackals (D:1)
  6 kobolds
  A quokka (D:4)
  A ball python (D:4)
  6 bats
  5 frilled lizards
  A giant cockroach zombie (D:6)
  9 rats
131 creatures vanquished.

Vanquished Creatures (others)
  A slave (D:4)
  A worker ant (D:4)
  4 toadstools (D:1)
6 creatures vanquished.

Grand Total: 137 creatures vanquished

Notes
Turn   | Place    | Note
-------+----------+-------------------------------------------
     0 | D:1      | BarneyGumball the Troll Monk began the quest for the Orb.
     0 | D:1      | Reached XP level 1. HP: 22/22 MP: 0/0
    37 | D:1      | Reached XP level 2. HP: 27/29 MP: 1/1
   201 | D:1      | Reached skill level 4 in Unarmed Combat
   272 | D:1      | Reached XP level 3. HP: 36/36 MP: 2/2
   862 | D:2      | Found a stormy altar of Qazlal.
   863 | D:2      | Found a bloodstained altar of Trog.
   989 | D:3      | Reached skill level 5 in Unarmed Combat
   989 | D:3      | Reached XP level 4. HP: 43/44 MP: 3/3
  1213 | D:3      | Reached XP level 5. HP: 48/50 MP: 4/4
  1266 | D:3      | Reached skill level 6 in Unarmed Combat
  1648 | D:3      | Found a hazy altar of Hepliaklqana.
  1999 | D:4      | Noticed a slave
  2000 | D:4      | Noticed Pikel
  2001 | D:4      | Noticed a slave
  2075 | D:4      | Noticed a slave
  2075 | D:4      | Noticed a slave
  2105 | D:4      | Noticed a phantom
  2248 | D:4      | Killed a phantom
  2248 | D:4      | Reached skill level 7 in Unarmed Combat
  2248 | D:4      | Reached XP level 6. HP: 23/59 MP: 5/5
  2337 | D:4      | Found a glowing golden altar of the Shining One.
  2388 | D:4      | Became a worshipper of the Shining One
  2388 | D:4      | Reached * piety under the Shining One
  2388 | D:4      | Reached ** piety under the Shining One
  2434 | D:4      | Killed Pikel
  2434 | D:4      | Reached skill level 8 in Unarmed Combat
  2434 | D:4      | Reached XP level 7. HP: 59/66 MP: 6/6
  2613 | D:4      | Reached skill level 9 in Unarmed Combat
  2757 | D:5      | Entered Level 5 of the Dungeon
  3516 | D:6      | Reached skill level 1 in Shields
  3574 | D:6      | Reached XP level 8. HP: 74/74 MP: 7/7
  3642 | D:6      | Reached skill level 10 in Unarmed Combat
  4131 | D:7      | Noticed Dowan
  4206 | D:7      | Killed Dowan
  4235 | D:7      | Found a staircase to the Ecumenical Temple.
  4376 | D:7      | Reached skill level 11 in Unarmed Combat
  4492 | D:7      | Noticed Duvessa
  4506 | D:6      | Killed Duvessa
  4586 | D:6      | Learned a level 1 spell: Apportation
  4588 | D:6      | Learned a level 1 spell: Confusing Touch
  4598 | D:6      | Reached XP level 9. HP: 53/80 MP: 4/8
  4603 | D:6      | Reached skill level 1 in Invocations
  4964 | D:7      | Noticed a white ugly thing
  5240 | D:7      | Mangled by a white ugly thing

Skill      XL: |  1  2  3  4  5  6  7  8  9 |
---------------+----------------------------+-----
Unarmed Combat | 4 5 7 8 9 11 | 11.0
Shields        | 1 3 4 |  4.0
Invocations    | 1 |  1.5
Fighting       | |  2.4
Dodging        | |  2.4
Stealth        | |  1.0

Action                   |  1- 3 |  4- 6 |  7- 9 || total
-------------------------+-------+-------+-------++-------
Melee: Unarmed           |    86 |   113 |   139 ||   338
       Punch             |     1 |     1 |     8 ||    10
Invok: Divine Shield     |       |       |     2 ||     2
  Use: Scroll            |       |     5 |     3 ||     8
 Stab: Sleeping          |     3 |     3 |       ||     6
  Eat: Chunk             |    14 |    14 |    22 ||    50
Armor: Robe              |    35 |    24 |    32 ||    91
Dodge: Dodged            |    44 |    45 |    56 ||   145
Block: Other             |       |       |     1 ||     1
